 Seeded DCSS version 0.30.1-11-g7821555f0a (webtiles) character file.

Game seed: 6962973379254283827 (custom seed)

11 Psyclone the Conjurer (level 2, 15/15 HPs)
             Began as a Deep Elf Conjurer on Nov 7, 2023.
             Was an Initiate of Gozag.
             Quit the game on level 2 of the Dungeon.
             The game lasted 00:00:38 (202 turns).

Psyclone the Conjurer (Deep Elf Conjurer)            Turns: 202, Time: 00:00:39

Health: 15/15      AC:  2    Str:  4    XL:     2   Next: 17%
Magic:  8/8        EV: 12    Int: 28    God:    Gozag
Gold:   152        SH:  0    Dex: 13    Spells: 6/7 levels left

rFire   . . .        (no weapon)
rCold   . . .        (no shield)
rNeg    . . .        a - +0 robe
rPois   .            (no helmet)
rElec   .            (no cloak)
rCorr   .            (no gloves)
SInv    .            (no boots)
Will    .....        (no amulet)
Stlth   ++           d - +6 ring of intelligence
HPRegen 0.22/turn    (no ring)
MPRegen 0.11/turn

%: no passive effects
@: no status effects
A: no striking features
a: Renounce Religion, Potion Petition, Call Merchant, Bribe Branch


You were on level 2 of the Dungeon.
You worshipped Gozag.
Gozag was aware of your devotion.
You visited 1 branch of the dungeon, and saw 2 of its levels.

You collected 1284 gold pieces.
You spent 534 gold pieces at shops.
You paid 598 gold pieces to Gozag.

Inventory:

Armour
 a - a +0 robe (worn)
 g - a +2 robe of the Archmagi
 h - the +2 cloak "Eta Weyk" {Int+4 Dex+2}
   (You bought it in a shop on level 2 of the Dungeon)

   Int:       It affects your intelligence (+4).
   Dex:       It affects your dexterity (+2).
 i - the +3 ring mail "Cosocei" {Dex+2}
   (You bought it in a shop on level 2 of the Dungeon)

   Dex:       It affects your dexterity (+2).
 j - a +2 helmet of see invisible
Jewellery
 d - a +6 ring of intelligence (left hand)
Scrolls
 c - 2 scrolls of identify {unknown}
 e - a scroll of vulnerability {unknown}
Potions
 b - a potion of magic
 f - a potion of heal wounds {unknown}


   Skills:
 - Level 2.4 Dodging
 - Level 2.4 Stealth
 + Level 3.4 Spellcasting
 * Level 4.8 Conjurations


You had 6 spell levels left.
You knew the following spells:

 Your Spells              Type           Power      Damage    Failure   Level
a - Magic Dart            Conj           100%       1d8       1%          1

Your spell library contained the following spells:

 Spells                   Type           Power      Damage    Failure   Level
 Searing Ray              Conj           62%        2d6       1%          2
 Dazzling Flash           Conj/Hex       36%        N/A       9%          3
 Fulminant Prism          Conj/Hex       9%         3d6       28%         4
 Iskenderun's Mystic Bla  Conj/Tloc      18%        2d6       28%         4


Dungeon Overview and Level Annotations

Branches:
Dungeon (2/15) Zot: 11798

Altars:
Gozag

Shops:
D:2 [


Message History

The magic dart hits the ball python.
You kill the ball python!
You now have 7/8 mp.
A goblin comes into view. It is wielding a +0 club.
Casting: Magic Dart (safe; 1% risk of failure)
Confirm with . or Enter, or press ? or * to list all spells.
Aiming: Magic Dart (safe; 1% risk of failure)
Press: ? - help, Shift-Dir - straight line, f - goblin
Aim: a goblin, wielding a +0 club (asleep, 100% to hit)
The magic dart hits the goblin.
You kill the goblin!
You now have 6/8 mp.
Found a clear potion.
Found a faded altar of an unknown god.
There is a dry fountain here.
There is a dry fountain here.
f - a clear potion
There is a faded altar of an unknown god here.
MP restored: 8 This altar belongs to (a) Ru, (b) Gozag or (c) Sif Muna, but you can't tell which.
Press the corresponding letter to learn more about a god, or press enter to convert or escape to cancel.
Okay, then.
This altar belongs to (a) Ru, (b) Gozag or (c) Sif Muna, but you can't tell which.
Press the corresponding letter to learn more about a god, or press enter to convert or escape to cancel.
Gozag accepts your prayer! Gozag welcomes you!
Gozag waives the service fee.
You have enough gold to petition Gozag for potion effects.
You have enough gold to fund merchants seeking to open stores in the dungeon. [a] 598 gold - Xut Amn's Antique Armour Shoppe [b] 557 gold - Neosag's Magic Scroll Emporium [c] 442 gold - Exziroeg's Armour Emporium Fund which merchant?
You no longer have enough gold to fund merchants seeking to open stores in the dungeon.
Xut Amn invites you to visit her Antique Armour Shoppe.
g - a +2 robe of the Archmagi
h - the +2 cloak "Eta Weyk" {Int+4 Dex+2} You no longer have enough gold to petition Gozag for potion effects.
i - the +3 ring mail "Cosocei" {Dex+2};
j - a +2 helmet of see invisible Thank you for shopping at Xut Amn's Antique Armour Shoppe!
Unknown command.
Unknown command.
Are you sure you want to abandon this character and quit the game? (Confirm with "yes".)

#..........###
#..)......##
#.........#
#.........#
#.........#
#...###...#
#..#...#..#
###8.⌠..#.#
##@.⌠.#.#
#_#...#.#
#...#∩#8#..#
#.⌠..###...#
#..⌠. .###
#.#.. ## ##.##
##


There were no monsters in sight!

Vanquished Creatures
  2 ball pythons (D:2)
  An endoplasm (D:1)
  2 goblins
  A hobgoblin (D:1)
  3 kobolds (D:1)
  A rat (D:1)
10 creatures vanquished.

Notes
Turn   | Place    | Note
-------+----------+-------------------------------------------
     0 | D:1      | Psyclone the Deep Elf Conjurer began the quest for the Orb.
     0 | D:1      | Reached XP level 1. HP: 10/10 MP: 6/6
    67 | D:1      | Reached XP level 2. HP: 15/15 MP: 5/8
   113 | D:1      | Identified a scroll of acquirement
   113 | D:1      | Acquired 1271 gold pieces
   166 | D:2      | Found a faded altar of an unknown god.
   184 | D:2      | Prayed at the altar of an unknown god.
   184 | D:2      | Became a worshipper of Gozag Ym Sagoz the Greedy
   202 | D:2      | Bought a glowing robe for 66 gold pieces
   202 | D:2      | Bought a transparent cloak for 171 gold pieces
   202 | D:2      | Identified the +2 cloak "Eta Weyk" {Int+4 Dex+2} (You
                  | bought it in a shop on level 2 of the Dungeon)
   202 | D:2      | Bought a steaming ring mail for 162 gold pieces
   202 | D:2      | Identified the +3 ring mail "Cosocei" {Dex+2} (You bought
                  | it in a shop on level 2 of the Dungeon)
   202 | D:2      | Bought a glowing helmet for 135 gold pieces
   202 | D:2      | Quit the game

Illustrated notes

Levels and vault maps discovered:
D:1:      saegor_arrival_simple_d, layout_rooms
D:2:      minmay_skewed_foursquare, layout_basic,
          shapermc_ecumenical_altar_venn, nicolae_half_adder

Action                     || total
---------------------------++-------
   Cast: Magic Dart        ||    10
 Invoke: Call Merchant     ||     1
    Use: Scroll            ||     1
